Map: Submarine LE

Players

Massa - Winner!

  • Race: Terran Terran
  • League: Platinum
  • Spawn Location: 11:00

Kot

  • Race: Protoss Protoss
  • League: Platinum
  • Spawn Location: 5:00

VOD

Have the link to the VOD?

Description

Time

  • Played on: Sept. 6, 2020, 12:09 p.m.
  • Length: 20:34
Show
View Real Time Build Order
Export as new Build Order

Massa Terran - Winner!

Build Orders:  

Get SALT Encoding   

  12  0:00  SCV  
  13  0:12  SCV  
  14  0:19  Supply Depot  
  14  0:24  SCV  
  15  0:32  Refinery  
  15  0:43  Barracks  
  15  0:46  SCV  
  16  0:54  Refinery  
  16  0:58  SCV  
  17  1:13  SCV  
  18  1:25  SCV  
  19  1:36  Reaper  
  19  1:37  SCV  
  21  1:42  Factory  
  21  1:49  Supply Depot  
  21  1:52  SCV  
  22  2:04  Orbital Command  
  22  2:17  Reaper  
  23  2:28  Hellion  
  25  2:45  Command Center  
  25  2:50  Reaper  
  26  2:53  Hellion  
  28  3:03  SCV  
  29  3:10  Engineering Bay  
  29  3:15  SCV  
  29  3:19  Supply Depot  
  30  3:26  Barracks Tech Lab  
  30  3:28  Factory Tech Lab  
  30  3:35  Starport  
  30  3:38  SCV  
  31  3:41  Terran Infantry Weapons Level 1  
  31  3:50  SCV  
  32  4:02  SCV  
  32  4:14  SCV  
  33  4:17  Marauder  
  33  4:19  Siege Tank  
  33  4:20  Orbital Command  
  38  4:26  SCV  
  40  4:38  SCV  
  40  4:39  Marauder  
  40  4:45  Missile Turret  
  42  4:50  SCV, Missile Turret  
  42  4:52  Widow Mine  
  45  5:02  SCV  
  45  5:04  Marine  
  45  5:05  Missile Turret  
  47  5:10  Missile Turret  
  47  5:14  Widow Mine  
  48  5:22  Marine  
  48  5:26  Missile Turret  
  47  5:31  Missile Turret  
  47  5:39  Marine  
  48  5:43  Barracks  
  48  5:47  Barracks  
  48  5:50  Missile Turret  
  48  5:52  Missile Turret  
  48  5:55  Missile Turret  
  48  5:56  Command Center  
  48  5:57  Marine  
  48  6:00  Medivac  
  48  6:02  Missile Turret  
  51  6:04  Terran Infantry Armor Level 1  
  51  6:07  Armory  
  51  6:12  Supply Depot  
  51  6:23  Missile Turret  
  51  6:30  Medivac  
  53  6:36  Supply Depot  
  53  6:39  Cyclone  
  56  6:45  Marine x2  
  56  6:46  Marauder  
  60  6:50  Refinery  
  60  6:52  Refinery  
  60  6:58  Supply Depot  
  60  7:03  Marine  
  60  7:06  Engineering Bay  
  62  7:13  Barracks Reactor  
  61  7:19  Stimpack  
  61  7:21  Marauder, Marine  
  64  7:28  Orbital Command  
  64  7:31  SCV x2  
  66  7:39  Terran Vehicle And Ship Armor Level 1, Marine  
  66  7:42  Marine  
  66  7:43  SCV x2  
  70  7:47  Widow Mine  
  70  7:50  Marine x2  
  74  7:55  SCV x2  
  74  7:57  Barracks Reactor, Orbital Command  
  76  8:00  Marauder  
  76  8:02  Medivac  
  80  8:07  SCV x2, Marine  
  80  8:08  Marine  
  80  8:09  Widow Mine  
  86  8:16  Missile Turret  
  86  8:19  SCV x2, Missile Turret  
  88  8:25  Marine x2  
  90  8:31  SCV x2  
  92  8:38  Missile Turret  
  92  8:41  Missile Turret  
  91  8:43  SCV x2  
  93  8:54  Supply Depot  
  93  8:58  Combat Shield  
  93  9:00  Missile Turret  
  93  9:03  Missile Turret  
  93  9:15  SCV x2, Marine x4  
  93  9:16  Marauder  
  101  9:17  Supply Depot  
  101  9:30  SCV x2  
  101  9:33  Marine x2  
  101  9:38  Marine x2  
  101  9:39  SCV, Marauder, Viking, Supply Depot  
  105  9:51  Marine  
  102  9:57  Widow Mine  
  101  10:01  Supply Depot  
  101  10:05  Starport  
  101  10:08  Viking  
  101  10:10  Supply Depot  
  103  10:17  Concussive Shells  
  103  10:19  Widow Mine  
  105  10:24  Barracks  
  105  10:29  Barracks  
  105  10:34  Command Center, Supply Depot  
  105  10:37  Terran Vehicle Weapons Level 1  
  105  10:38  Terran Infantry Armor Level 2, Terran Infantry Weapons Level 2  
  105  10:40  Widow Mine  
  107  10:42  Starport Tech Lab  
  107  10:46  Starport  
  107  10:58  Supply Depot  
  107  10:59  Armory  
  107  11:01  Thor  
  113  11:07  Starport Reactor  
  113  11:28  Marauder, Marine x4  
  119  11:37  Raven  
  123  11:43  Starport Reactor  
  123  11:44  Thor  
  123  11:46  Marine x4  
  131  11:47  Orbital Command  
  131  11:49  Marauder  
  131  11:52  Viking  
  131  11:53  Viking  
  137  12:04  Marine  
  138  12:09  Factory  
  138  12:14  Refinery  
  138  12:16  Barracks Reactor, Refinery  
  138  12:17  Barracks Reactor  
  138  12:20  Marine  
  138  12:21  Marine x4  
  143  12:22  Viking x2  
  143  12:29  Thor  
  153  12:38  Marine x2  
  153  12:39  Marine x3  
  158  12:44  Orbital Command  
  156  12:53  Smart Servos  
  156  12:55  Missile Turret  
  156  12:56  Marine x3, Missile Turret x2  
  156  12:57  Factory Tech Lab, Missile Turret  
  156  12:58  Missile Turret  
  159  13:00  Viking  
  159  13:01  Viking  
  163  13:15  Supply Depot  
  163  13:16  Missile Turret, Supply Depot  
  163  13:17  Supply Depot x2  
  163  13:18  Missile Turret  
  163  13:28  Supply Depot  
  163  13:30  Supply Depot  
  163  13:36  Viking  
  163  13:39  Supply Depot  
  165  13:49  Thor x2  
  165  13:52  Supply Depot  
  165  13:54  Supply Depot  
  165  13:55  Terran Vehicle Weapons Level 2  
  177  13:57  Terran Vehicle And Ship Armor Level 2  
  177  14:15  Supply Depot  
  177  14:18  Supply Depot  
  177  14:20  Drilling Claws  
  177  14:27  SCV  
  177  14:28  SCV x3  
  181  14:32  Thor x2  
  193  14:38  Supply Depot  
  193  14:40  SCV x4  
  193  14:42  Supply Depot  
  197  14:46  Command Center  
  197  14:52  SCV x3  
  200  15:00  Refinery  
  200  15:03  Refinery, Factory  
  200  15:07  Supply Depot  
  200  15:11  Supply Depot  
  200  15:31  Command Center, Supply Depot  
  200  15:33  Supply Depot  
  144  16:38  Thor x2  
  113  17:19  Marauder, Marine x8  
  113  17:21  Thor x2  
  135  17:37  Marine x8  
  135  17:40  Marauder  
  135  17:41  Orbital Command  
  145  17:50  Missile Turret  
  145  17:55  Marine x8  
  143  18:02  Marauder  
  143  18:04  Thor x2  
  139  18:09  Missile Turret  
  139  18:12  Marine  
  129  18:13  Marine x7  
  129  18:18  Factory Tech Lab  
  131  18:23  Marauder  
  129  18:28  Missile Turret  
  129  18:30  Marine, Medivac x5  
  129  18:31  Marine x7  
  147  18:44  Marauder  
  147  18:47  Thor x2  
  147  18:48  Marine x3, Missile Turret  
  164  18:57  Command Center  
  164  19:00  Medivac x2  
  168  19:06  Marauder  
  168  19:08  Missile Turret  
  170  19:10  Cloaking Field  
  170  19:14  Refinery  
  170  19:27  Marauder  
  170  19:28  Missile Turret  
  172  19:40  Raven  
  174  19:49  Missile Turret  
  150  20:10  Missile Turret  
Show
View Real Time Build Order
Export as new Build Order

Kot Protoss 

Build Orders: Carriers 

Get SALT Encoding   

  12  0:00  Probe (Chrono Boost)  
  13  0:10  Probe (Chrono Boost)  
  14  0:15  Probe (Chrono Boost)  
  15  0:30  Pylon  
  15  0:48  Probe  
  16  0:59  Gateway  
  16  1:02  Forge  
  16  1:09  Probe (Chrono Boost)  
  17  1:13  Assimilator  
  17  1:17  Assimilator  
  18  1:18  Probe (Chrono Boost)  
  18  1:23  Probe (Chrono Boost)  
  19  1:35  Probe  
  20  1:47  Probe  
  21  2:13  Probe (Chrono Boost)  
  22  2:19  Nexus  
  22  2:22  Pylon  
  23  2:23  Probe (Chrono Boost)  
  23  2:28  Probe (Chrono Boost)  
  23  2:33  Photon Cannon  
  23  2:36  Pylon  
  23  2:40  Probe, Assimilator  
  24  2:55  Cybernetics Core  
  24  2:59  Photon Cannon  
  24  3:14  Probe (Chrono Boost)  
  25  3:23  Probe (Chrono Boost)  
  26  3:27  Photon Cannon  
  26  3:28  Probe (Chrono Boost)  
  27  3:35  Stargate  
  27  3:37  Pylon  
  27  3:40  Shield Battery  
  27  3:42  Probe (Chrono Boost)  
  28  3:53  Photon Cannon  
  28  3:56  Pylon  
  26  4:18  Photon Cannon  
  26  4:31  Void Ray (Chrono Boost)  
  29  4:50  Photon Cannon  
  29  4:59  Shield Battery  
  29  5:01  Void Ray  
  29  5:08  Assimilator  
  33  5:15  Probe  
  32  5:27  Probe  
  33  5:39  Probe (Chrono Boost)  
  33  5:42  Stargate  
  34  5:46  Probe (Chrono Boost)  
  34  5:49  Probe (Chrono Boost)  
  36  5:54  Probe (Chrono Boost), Oracle  
  41  5:57  Probe (Chrono Boost)  
  41  5:59  Probe (Chrono Boost)  
  42  6:10  Probe  
  43  6:11  Probe  
  43  6:15  Photon Cannon  
  44  6:22  Probe  
  44  6:23  Probe  
  45  6:34  Probe  
  45  6:35  Probe  
  47  6:46  Void Ray  
  47  6:49  Void Ray, Fleet Beacon  
  47  6:50  Pylon  
  47  6:52  Pylon  
  52  7:16  Probe (Chrono Boost)  
  53  7:26  Probe (Chrono Boost)  
  54  7:33  Stargate  
  54  7:37  Carrier  
  54  7:38  Pylon  
  54  7:42  Tempest  
  65  8:01  Robotics Facility  
  65  8:03  Pylon  
  65  8:18  Tempest  
  70  8:29  Protoss Air Weapons Level 1 (Chrono Boost)  
  70  8:41  Carrier  
  76  8:50  Observer  
  77  9:09  Robotics Bay  
  77  9:16  Observer  
  77  9:50  Tempest  
  77  9:51  Tempest  
  87  9:59  Observer x2  
  88  10:35  Observer  
  89  10:38  Carrier x2  
  101  10:47  Extended Thermal Lance  
  101  11:24  Pylon  
  101  11:25  Probe, Pylon  
  102  11:27  Pylon  
  102  11:30  Pylon  
  102  11:41  Colossus (Chrono Boost)  
  108  12:02  Pylon  
  108  12:07  Photon Cannon  
  108  12:19  Carrier x2  
  120  12:28  Protoss Air Weapons Level 2 (Chrono Boost)  
  120  12:31  Colossus  
  126  12:51  Carrier  
  132  13:04  Nexus  
  132  13:06  Assimilator  
  132  13:10  Assimilator  
  132  13:11  Probe (Chrono Boost)  
  132  13:12  Pylon  
  133  13:15  Pylon  
  133  13:19  Pylon  
  134  13:20  Pylon  
  134  13:21  Probe (Chrono Boost)  
  134  13:22  Pylon  
  134  13:23  Pylon  
  134  13:26  Pylon  
  134  13:28  Pylon  
  134  13:29  Probe, Pylon  
  135  13:36  Stargate  
  135  13:38  Stargate  
  135  13:41  Robotics Facility  
  135  13:45  Photon Cannon  
  135  13:46  Photon Cannon  
  135  13:49  Photon Cannon  
  135  13:52  Colossus, Shield Battery  
  141  13:57  Shield Battery  
  141  14:19  Carrier  
  141  14:23  Probe (Chrono Boost)  
  148  14:33  Probe (Chrono Boost)  
  148  14:36  Photon Cannon  
  148  14:37  Photon Cannon  
  148  14:38  Probe (Chrono Boost), Tempest  
  154  14:40  Shield Battery  
  154  14:41  Pylon  
  155  14:46  Observer  
  156  14:59  Pylon  
  156  15:01  Observer  
  157  15:15  Probe  
  158  15:27  Probe  
  159  15:39  Probe  
  159  15:40  Carrier x3, Protoss Air Weapons Level 3  
  178  15:46  Observer  
  179  15:51  Probe  
  179  16:03  Probe  
  67  17:08  Void Ray (Chrono Boost)  
  67  17:11  Tempest x3 (Chrono Boost)  
  77  17:18  Void Ray (Chrono Boost)  
  77  17:21  Immortal x2 (Chrono Boost)  
  69  17:38  Void Ray  
  73  17:45  Photon Cannon  
  73  17:46  Photon Cannon  
  73  17:48  Photon Cannon  
  65  18:06  Immortal x2  
  69  18:39  Nexus  
  69  18:41  Probe  
  70  18:43  Pylon  
  70  18:44  Carrier (Chrono Boost)  
  70  18:45  Pylon, Immortal x2  
  84  19:08  Void Ray x2  
  92  19:33  Shield Battery  
  92  19:35  Shield Battery  
  92  19:36  Shield Battery  
Tags
 
Composition
Carriers
Matchup
PvT
Replay Pack
Multiplayer
Spawn Locations
Cross Positions
Add a new tag
Caveats
  • Supply blocks, unpowered buildings, or Contaminate may cause inaccurate times.
  • Supply counts are checked every 10 seconds.